 Dungeon Sprint DCSS version 0.28-a0-1594-ga885d4b3d6 (webtiles) character file.

Game seed: 11320621308037365807

47 123456 the Skirmisher (level 3, 0/37 HPs)
             Began as a Minotaur Fighter on Jan 20, 2022.
             Slain by an ice beast (9 damage)
             ... in the Dungeon (Sprint IX: "|||||||||||||||||||||||||||||").
             The game lasted 00:00:09 (179 turns).

123456 the Skirmisher (Minotaur Fighter)             Turns: 179, Time: 00:00:10

Health: 0/37       AC:  7    Str: 20    XL:     3   Next: 48%
Magic:  2/2        EV: 10    Int:  5    God:
Gold:   0          SH:  4    Dex: 11    Spells: 2/2 levels left

rFire   . . .      SeeInvis .   a - +0 flail
rCold   . . .      Faith    .   c - +0 buckler
rNeg    . . .      Spirit   .   b - +0 scale mail
rPois   .          Reflect  .   (helmet restricted)
rElec   .          Harm     .   (no cloak)
rCorr   .          Rampage  .   (no gloves)
Will    .....      NoTele   +   (no boots)
Stlth   ..........              (no amulet)
HPRegen 0.12/turn               (no ring)
MPRegen 0.08/turn               (no ring)

@: no status effects
A: horns 2, retaliatory headbutt
a: no special abilities


You were in the Dungeon.
You visited 1 branch

Inventory:

Hand Weapons
 a - a +0 flail (weapon)
Armour
 b - a +0 scale mail (worn)
 c - a +0 buckler (worn)
Scrolls
 j - a scroll of blinking
Potions
 d - a potion of might
 e - a potion of curing
 f - a potion of heal wounds
 g - a potion of haste
 h - 2 potions of magic
 i - a potion of berserk rage


   Skills:
 * Level 6.1 Fighting
 * Level 5.3 Maces & Flails
 + Level 4.9 Armour
 + Level 2.7 Dodging
 - Level 3.6 Shields


You had 2 spell levels left.
You didn't know any spells.
Your spell library was empty.

Dungeon Overview and Level Annotations

Branches:
Dungeon (1/1)

Altars:


Innate Abilities, Weirdness & Mutations

You have a pair of horns on your head.
You reflexively headbutt those who attack you in melee.


Message History

The hound bites you. You block the hound's attack.
You hit the hound.
You headbutt the hound, but do no damage.
The hound is almost dead.
You block the hound's attack. x2
You hit the hound.
You kill the hound!
Your Fighting skill increases to level 6!
Your Maces & Flails skill increases to level 5!
Your Dodging skill increases to level 2!
You have reached level 3!
Your experience leads to an increase in your attributes!
Increase (S)trength, (I)ntelligence, or (D)exterity?
You feel agile. x2
You hit the ice beast.
You headbutt the ice beast, but do no damage.
The ice beast is lightly wounded.
You block the ice beast's attack. The ice beast misses you.
You closely miss the ice beast. Your headbutt misses the ice beast.
The ice beast is lightly wounded.
The ice beast hits you but does no damage.
You hit the ice beast but do no damage.
The ice beast is lightly wounded.
The ice beast hits you but does no damage.
You hit the ice beast but do no damage.
The ice beast is lightly wounded.
The ice beast hits you. The ice beast freezes you.
You barely miss the ice beast.
The ice beast is lightly wounded.
The ice beast hits you. The ice beast freezes you.
You hit the ice beast.
The ice beast is moderately wounded.
The ice beast completely misses you.
You hit the ice beast but do no damage. You headbutt the ice beast.
The ice beast is moderately wounded.
The ice beast barely misses you. You furiously retaliate!
You headbutt the ice beast! The ice beast hits you.
* * * LOW HITPOINT WARNING * * *
The ice beast freezes you!
You die... ▓▓▓▓▓▓▓▓▓▓▓▓▓▓▓▓▓▓ +....ZY@....)...<▓ ▓▓▓▓▓▓▓▓▓▓▓▓▓▓▓▓▓▓

You could see an ice beast and a quokka zombie.

Vanquished Creatures
  A hound (D)
  An adder (D)
  A worm (D)
  A ball python (D)
  A goblin (D)
  A hobgoblin (D)
  2 kobolds (D)
8 creatures vanquished.

Notes
Turn   | Place    | Note
-------+----------+-------------------------------------------
     0 | D        | 123456 the Minotaur Fighter began the quest for the Orb.
     0 | D        | Reached XP level 1. HP: 19/19 MP: 0/0
     9 | D        | Reached skill level 4 in Fighting
    17 | D        | Reached skill level 1 in Dodging
   160 | D        | Noticed an ice beast
   160 | D        | Noticed a hound
   164 | D        | Reached XP level 2. HP: 27/28 MP: 1/1
   168 | D        | Reached skill level 5 in Fighting
   173 | D        | Reached skill level 6 in Fighting
   173 | D        | Reached skill level 5 in Maces & Flails
   173 | D        | Reached XP level 3. HP: 27/37 MP: 2/2
   179 | D        | Slain by an ice beast

Illustrated notes

Levels and vault maps discovered:
D:        linesprint [early_d, line_temple, items_1, d_10, items_2, lair_1,
          lair_end, items_3, orc_1, orc_end, items_4, d_15, swamp_1, shoals_1,
          snake_1, spider_1, d_20, vaults_1, items_5, swamp_end, shoals_end,
          snake_end, spider_end, vaults_end, d_27, items_6, zot_1, zot_end,
          crypt_end, forest_end, elf_end, slime_end, tomb_end, abyss_end,
          pan_hell_end]

Skill      XL: |  1  2 |
---------------+-------+-----
Fighting       | 4 6 |  6.1
Maces & Flails | 3 5 |  5.3
Armour         | 4 |  4.9
Dodging        | 1 2 |  2.7
Shields        | |  3.6

Action                   || total
-------------------------++-------
Melee: Flail             ||    33
       Headbutt          ||     7
Armor: Scale mail        ||    11
Dodge: Dodged            ||     9
Block: Buckler           ||     7

Table legend: (Time is in decaauts)
 A = Elapsed time spent in this place.
 B = Non-inter-level travel time spent in this place.
 C = Inter-level travel time spent in this place.
 D = Time resting spent in this place.
 E = Time spent auto-exploring this place.
 F = Levels seen in this place.
 G = Mean time per level.
                   A        B        C        D        E       F      G
               +--------+--------+--------+--------+--------+-----+--------+
         Total |    186 |    186 |      0 |      0 |    144 |   1 |  186.0 |
       Dungeon |    186 |    186 |      0 |      0 |    144 |   1 |  186.0 |
               +--------+--------+--------+--------+--------+-----+--------+

Top non-repeatable levels by time:
       D: 186 daAuts
